Map: Blackpink LE

Players

Nerchio - Winner!

  • Race: Zerg Zerg
  • Spawn Location: 7:00

ShoWTimE

  • Race: Protoss Protoss
  • Spawn Location: 1:00

Event: WESG 2017 Haikou

VOD

Have the link to the VOD?

Description

Time

  • Played on: March 16, 2018, 4:42 a.m.
  • Length: 11:26

All games in this series

Show
View Real Time Build Order
Export as new Build Order

Nerchio Zerg - Winner!

Build Orders: Hatch First, Roach Hydra 

Get SALT Encoding   

  12  0:00  Drone  
  13  0:13  Overlord  
  13  0:18  Drone  
  14  0:31  Drone x2  
  16  0:48  Hatchery  
  15  0:52  Drone  
  15  0:55  Drone  
  17  0:59  Drone  
  18  1:09  Extractor  
  17  1:14  Spawning Pool  
  17  1:18  Drone  
  17  1:20  Drone  
  18  1:28  Drone  
  19  1:38  Overlord  
  19  1:49  Drone  
  20  2:00  Queen  
  20  2:01  Queen, Zergling x2  
  23  2:04  Zergling x2  
  26  2:08  Metabolic Boost  
  26  2:12  Drone  
  27  2:16  Drone  
  27  2:22  Drone x2  
  30  2:39  Hatchery  
  30  2:40  Drone  
  30  2:42  Drone  
  31  2:45  Drone  
  31  2:50  Overlord  
  32  2:56  Queen  
  33  3:02  Drone x2  
  35  3:09  Drone x3  
  35  3:10  Drone  
  35  3:12  Drone  
  40  3:17  Zergling x4  
  42  3:20  Overlord  
  42  3:22  Drone  
  43  3:36  Spore Crawler  
  43  3:38  Queen  
  44  3:41  Overlord  
  44  3:43  Overlord  
  44  3:47  Overlord  
  44  3:50  Spore Crawler, Queen  
  45  3:56  Drone x4  
  45  4:00  Drone x2  
  45  4:01  Drone  
  53  4:02  Drone  
  53  4:05  Drone  
  53  4:07  Drone  
  55  4:14  Extractor, Lair  
  55  4:15  Drone  
  55  4:16  Extractor  
  54  4:20  Roach Warren  
  54  4:24  Drone, Spore Crawler  
  53  4:28  Drone x3  
  56  4:31  Drone  
  56  4:32  Drone  
  56  4:36  Overlord  
  58  4:42  Drone x2  
  60  4:47  Overlord  
  60  5:00  Roach  
  60  5:01  Roach x7  
  60  5:04  Overlord  
  60  5:07  Roach  
  78  5:09  Roach  
  78  5:14  Overlord  
  80  5:18  Glial Reconstitution  
  80  5:26  Drone x7  
  80  5:27  Drone  
  88  5:29  Drone  
  88  5:30  Drone  
  88  5:32  Drone  
  88  5:34  Drone  
  88  5:35  Drone  
  92  5:36  Drone  
  92  5:38  Drone x2  
  92  5:40  Drone  
  96  5:44  Extractor  
  96  5:45  Extractor  
  96  5:46  Extractor, Roach x2  
  96  5:48  Roach  
  98  5:50  Roach  
  98  5:52  Roach  
  98  5:54  Roach  
  104  5:59  Overlord x2  
  104  6:02  Overlord, Evolution Chamber  
  103  6:06  Overlord  
  103  6:09  Overlord  
  103  6:10  Evolution Chamber  
  103  6:11  Roach  
  103  6:13  Overlord  
  103  6:15  Overseer  
  103  6:20  Hydralisk Den, Drone  
  103  6:21  Drone x2  
  103  6:23  Drone  
  103  6:24  Drone  
  103  6:25  Drone x2  
  109  6:29  Drone x2  
  109  6:31  Drone  
  109  6:32  Drone x2  
  114  6:35  Zerg Missile Weapons Level 1  
  114  6:41  Roach  
  115  6:47  Drone  
  115  6:48  Drone x7  
  118  6:56  Hydralisk x2, Grooved Spines  
  118  6:57  Hydralisk  
  124  7:04  Hydralisk x2  
  124  7:08  Hydralisk  
  128  7:10  Hydralisk  
  128  7:15  Hydralisk x2  
  132  7:17  Hydralisk  
  138  7:26  Hatchery  
  138  7:27  Hydralisk  
  139  7:35  Hydralisk x3  
  145  7:39  Overlord  
  145  7:43  Overlord x2  
  145  7:47  Hydralisk x2  
  145  7:51  Overlord x2  
  149  7:58  Hydralisk x3  
  149  8:04  Zergling x8  
  159  8:08  Muscular Augments  
  159  8:10  Ravager x5  
  159  8:11  Ravager x4  
  159  8:12  Zergling x4  
  170  8:13  Zergling x4  
  170  8:15  Zergling x4  
  174  8:20  Zergling x2  
  174  8:21  Zergling x4  
  174  8:22  Ravager  
  174  8:23  Ravager  
  174  8:24  Zergling x2  
  174  8:25  Zergling x6  
  183  8:31  Zergling x4  
  183  8:32  Zergling x4  
  183  8:33  Ravager x2  
  183  8:34  Ravager  
  190  8:36  Overlord  
  190  8:41  Zergling x2  
  190  8:42  Zergling x8  
  195  8:53  Roach  
  195  8:54  Roach x2  
  193  8:57  Roach x3  
  193  9:00  Roach x2  
  193  9:01  Roach x4  
  184  9:03  Roach x2  
  184  9:04  Roach  
  184  9:08  Roach x2  
  179  9:10  Roach  
  179  9:11  Roach  
  179  9:15  Roach  
  179  9:16  Roach  
  167  9:19  Roach  
  157  9:26  Roach x2  
  157  9:27  Roach x2  
  157  9:28  Roach x2  
  157  9:30  Zerg Ground Armor Level 1  
  154  9:32  Roach x2  
  154  9:33  Roach  
  154  9:34  Roach  
  154  9:37  Roach  
  160  9:39  Roach  
  160  9:40  Roach  
  160  9:42  Roach  
  160  9:45  Roach  
  168  9:47  Roach  
  168  9:48  Roach  
  172  9:55  Roach x2  
  172  9:56  Roach x2  
  172  9:58  Hydralisk  
  172  9:59  Hydralisk  
  172  10:01  Hydralisk  
  172  10:03  Hydralisk  
  172  10:06  Roach  
  170  10:07  Roach  
  170  10:08  Roach  
  170  10:10  Roach  
  170  10:11  Zergling x4  
  170  10:13  Roach  
  174  10:15  Roach  
  174  10:18  Roach x2  
  174  10:21  Roach  
  162  10:22  Roach  
  162  10:24  Roach  
  162  10:25  Roach  
  162  10:26  Zergling x2  
  162  10:27  Zergling x2  
  162  10:28  Zergling x2  
  162  10:29  Zergling x2  
  162  10:30  Zergling x2  
  162  10:32  Ravager x2  
  162  10:35  Zergling x6  
  169  10:37  Ravager  
  169  10:38  Ravager  
  169  10:39  Zergling x6  
  174  10:43  Zergling x6  
  174  10:44  Zergling x2  
  174  10:47  Ravager x2  
  174  10:48  Zergling x4  
  174  10:49  Zergling x2  
  183  10:51  Zergling x2  
  183  10:55  Zergling x8  
  182  11:02  Roach x2  
  182  11:03  Roach  
  169  11:04  Roach  
Show
View Real Time Build Order
Export as new Build Order

ShoWTimE Protoss 

Build Orders: 1 Gate Expand, Oracle Opening, Phoenix Opening, Archon Immortal, Zealot Archon 

Get SALT Encoding   

  12  0:00  Probe  
  13  0:12  Probe  
  14  0:18  Pylon  
  14  0:25  Probe  
  15  0:37  Probe (Chrono Boost)  
  15  0:41  Gateway  
  16  0:46  Probe (Chrono Boost), Assimilator  
  17  0:51  Probe (Chrono Boost)  
  18  1:03  Probe  
  19  1:15  Probe  
  20  1:25  Nexus  
  20  1:35  Cybernetics Core  
  20  1:37  Probe  
  21  1:45  Assimilator  
  21  1:49  Probe  
  21  1:54  Pylon  
  22  2:01  Probe  
  23  2:10  Adept (Chrono Boost)  
  23  2:13  Probe  
  26  2:16  Stargate  
  26  2:24  Warp Gate  
  26  2:25  Probe  
  27  2:31  Adept  
  29  2:39  Probe (Chrono Boost)  
  29  2:43  Probe (Chrono Boost)  
  31  2:48  Probe (Chrono Boost)  
  33  2:52  Probe (Chrono Boost)  
  33  2:53  Probe (Chrono Boost)  
  34  2:58  Phoenix (Chrono Boost)  
  34  3:02  Probe  
  37  3:05  Probe  
  37  3:10  Pylon  
  38  3:14  Probe  
  38  3:16  Adept  
  38  3:18  Oracle (Chrono Boost), Probe  
  42  3:26  Probe  
  46  3:30  Probe  
  47  3:34  Gateway  
  47  3:38  Gateway  
  47  3:41  Probe  
  48  3:44  Probe  
  48  3:48  Twilight Council  
  49  3:52  Pylon  
  49  3:54  Adept  
  51  3:56  Probe  
  51  3:58  Probe  
  53  4:03  Assimilator  
  53  4:07  Assimilator  
  53  4:08  Probe  
  54  4:10  Probe  
  55  4:18  Robotics Facility  
  55  4:19  Pylon  
  55  4:20  Probe  
  55  4:22  Probe  
  57  4:31  Resonating Glaives (Chrono Boost)  
  57  4:34  Probe  
  58  4:38  Adept x3  
  64  4:47  Pylon  
  64  4:55  Nexus  
  64  5:03  Adept x3  
  70  5:07  Pylon  
  70  5:13  Observer  
  71  5:16  Probe x2  
  73  5:27  Adept x3  
  79  5:32  Immortal (Chrono Boost)  
  83  5:44  Probe  
  83  5:45  Probe  
  83  5:46  Pylon  
  85  5:53  Gateway  
  85  5:57  Probe  
  86  5:58  Gateway  
  86  5:59  Charge (Chrono Boost), Gateway  
  86  6:00  Pylon  
  86  6:04  Probe  
  87  6:08  Immortal (Chrono Boost)  
  87  6:09  Probe  
  92  6:14  Probe  
  92  6:16  Probe  
  94  6:19  Sentry x3  
  94  6:21  Probe  
  101  6:30  Gateway  
  101  6:32  Probe x2, Gateway  
  103  6:40  Immortal (Chrono Boost)  
  107  6:50  Probe x2  
  109  6:56  Probe  
  109  6:57  Forge  
  109  6:58  Assimilator  
  109  7:00  Assimilator  
  102  7:02  Probe x2  
  102  7:07  Templar Archives  
  104  7:08  Probe  
  104  7:14  Zealot, Probe x2, Pylon  
  109  7:20  Probe  
  109  7:22  Immortal (Chrono Boost)  
  110  7:26  Probe x2  
  116  7:32  Gateway  
  116  7:33  Probe, Gateway  
  116  7:35  Shield Battery  
  117  7:38  Probe  
  117  7:40  Photon Cannon  
  117  7:43  Protoss Ground Weapons Level 1 (Chrono Boost)  
  118  7:47  High Templar x3  
  124  7:53  Archon, Pylon  
  124  7:54  Pylon  
  124  7:56  Pylon  
  124  7:57  Warp Prism (Chrono Boost)  
  124  7:58  Pylon  
  123  8:06  High Templar  
  123  8:11  Archon  
  125  8:14  High Templar  
  125  8:15  High Templar x3  
  133  8:22  Immortal (Chrono Boost), Nexus, Pylon  
  133  8:24  Archon  
  137  8:29  Archon  
  137  8:33  Zealot x3  
  143  8:36  Pylon  
  143  8:46  Zealot x4  
  150  8:54  Immortal (Chrono Boost)  
  148  8:59  Zealot x5  
  148  9:00  Zealot  
  140  9:08  Zealot x4  
  104  9:20  Zealot x6  
  91  9:28  Zealot x2  
  91  9:30  Immortal (Chrono Boost)  
  93  9:31  High Templar  
  93  9:32  High Templar  
  93  9:34  Photon Cannon  
  93  9:36  Archon  
  97  9:40  High Templar  
  97  9:41  High Templar x3  
  105  9:45  Archon  
  105  9:46  Archon  
  105  9:48  Zealot x4  
  105  9:50  Pylon  
  103  10:02  Immortal (Chrono Boost)  
  103  10:04  High Templar x2  
  103  10:05  Zealot x2  
  111  10:09  Archon  
  111  10:10  Zealot, Sentry  
  111  10:11  Zealot  
  105  10:19  Zealot x3  
  99  10:27  Shield Battery  
  97  10:30  Immortal (Chrono Boost), Sentry x2  
  104  10:37  Shield Battery  
  104  10:41  Zealot x7  
  118  10:45  Photon Cannon  
  118  10:59  Zealot x3  
  118  11:02  Zealot x2  
  118  11:07  Zealot x2  
  102  11:11  Zealot  
  102  11:17  Zealot  
  65  11:21  Zealot  
Tags
 
Add a new tag
Caveats
  • Supply blocks, unpowered buildings, or Contaminate may cause inaccurate times.
  • Supply counts are checked every 10 seconds.